 Dungeon Crawl Stone Soup version 0.30-a0-322-g102857c98e (webtiles) character file.

Game seed: 10293844804248251023

2367 funkygono the Arsonist (level 9, -7/45 HPs)
             Began as a Gargoyle Fire Elementalist on Oct 27, 2022.
             Mangled by a two-headed ogre
             ... wielding a +0 giant club
              (11 damage)
             ... on level 7 of the Dungeon.
             The game lasted 00:12:21 (8035 turns).

funkygono the Arsonist (Gargoyle Fire Elementalist) Turns: 8035, Time: 00:12:21

Health: -7/45      AC: 11    Str: 12    XL:     9   Next: 44%
Magic:  10/19      EV: 12    Int: 20    God:
Gold:   282        SH:  0    Dex: 10    Spells: 4/21 levels left

rFire   . . .      SeeInvis +    i - +7 staff of the Meek {protect, meekguard}
rCold   + . .      Faith    .    (shield currently unavailable)
rNeg    + . .      Spirit   .    k - +1 robe {rC+}
rPois   ∞          Reflect  .    (no helmet)
rElec   +          Harm     .    q - +0 cloak
rCorr   .          Rampage  .    (no gloves)
Will    +....                    m - +0 pair of boots
Stlth   ++........               (no amulet)
HPRegen 0.27/turn                o - ring of see invisible
MPRegen 0.16/turn                s - ring of willpower

@: studying Throwing
A: sickness immunity, AC +6, negative energy resistance 1, electricity
resistance, torment resistance 1, petrification resistance
a: no special abilities


You were on level 7 of the Dungeon.
You visited 2 branches of the dungeon, and saw 8 of its levels.

You collected 282 gold pieces.

Inventory:

Hand Weapons
 c - a +0 whip of flaming
 f - a +1 whip of venom
 i - the +7 staff of the Meek (weapon) {protect, meekguard}
   (You found it on level 4 of the Dungeon)

   It grants its wielder temporary protection when it strikes (+7 to AC).
   It provides extra protection to wielders with little health.
 p - a +3 quarterstaff of chaos
 u - a +2 mace of draining
Missiles
 y - a throwing net
Armour
 a - a +0 robe
 k - a +1 robe of cold resistance (worn)
 m - a +0 pair of boots (worn)
 q - a +0 cloak (worn)
Jewellery
 e - a ring of ice
 o - a ring of see invisible (left hand)
 s - a ring of willpower (right hand)
 C - a +6 ring of intelligence
 E - a ring of resist corrosion
Wands
 v - a wand of roots (9)
 x - a wand of polymorph (9)
 A - a wand of flame (11)
Scrolls
 d - a scroll of blinking
 g - 5 scrolls of identify
 r - a scroll of poison
 t - 2 scrolls of teleportation
 D - a scroll of fear
Potions
 b - a potion of magic
 h - a potion of berserk rage
 j - 3 potions of might
 l - 2 potions of heal wounds
 n - 3 potions of mutation
 w - 3 potions of curing
 z - a potion of lignification
 B - 2 potions of attraction


   Skills:
 + Level 1.4(1.6) Maces & Flails
 + Level 1.0(1.4) Staves
 + Level 1.8 Dodging
 + Level 3.0 Stealth
 * Level 6.8 Spellcasting
 * Level 5.2 Conjurations
 * Level 8.5 Fire Magic
 * Level 1.8 Air Magic


You had 4 spell levels left.
You knew the following spells:

 Your Spells              Type           Power      Damage    Failure   Level
a - Foxfire               Conj/Fire      100%       2x1d9     1%          1
b - Scorch                Fire           82%        2d9       1%          2
c - Kindle Blastsparks    Fire/Tloc/Air  40%        2d13      7%          3
d - Flame Wave            Conj/Fire      34%        2d10      5%          4
e - Vhi's Electric Charg  Tloc/Air       20%        N/A       21%         3
f - Airstrike             Air            7%         2d(1-17)  41%         4

Your spell library contained the following spells:

 Spells                   Type           Power      Damage    Failure   Level
 Shock                    Conj/Air       80%        1d8       2%          1
 Inner Flame              Hex/Fire       23%        N/A       4%          3
 Apportation              Tloc           12%        N/A       10%         1
 Swiftness                Air            14%        N/A       14%         3
 Lesser Beckoning         Tloc           12%        N/A       28%         3
 Leda's Liquefaction      Hex/Erth       3%         N/A       67%         4
 Lee's Rapid Deconstruct  Erth           3%         3d5*      95%         5
 Shatter                  Erth           3%         3d7*      100%        9
 Statue Form              Tmut/Erth      Unusable   N/A       N/A         6

Dungeon Overview and Level Annotations

Branches:
Dungeon (7/15)             Temple (1/1) D:4

Altars:
Dithmenos
Fedhas
Gozag
Hepliaklqana
Kikubaaqudgha
Makhleb
Ru
Sif Muna
Trog
Uskayaw
Wu Jian
Xom
Yredelemnul
Zin
The Shining One


Innate Abilities, Weirdness & Mutations

You are immune to sickness and miasma.
Your stone body is resilient. (AC +6)
You are immune to poison.
You resist negative energy. (rN+)
You are resistant to electric shocks. (rElec)
You are resistant to unholy torment.
You are immune to petrification.


Message History

The concussive blast engulfs the two-headed ogre!!
The two-headed ogre is moderately wounded.
The two-headed ogre attacks as you move away!
The two-headed ogre hits you with a +0 giant club!
The two-headed ogre barely misses you.
Casting: Kindle Blastsparks (dangerous; 7% risk of failure)
Confirm with . or Enter, or press ? or * to list all spells.
A cloud of volatile blastsparks flares up around you!
The cloud of blastsparks explodes!
The concussive blast engulfs the two-headed ogre!!
The two-headed ogre is heavily wounded.
The concussive blast engulfs you!
You are knocked back by the blast.
Casting: Kindle Blastsparks (dangerous; 7% risk of failure)
Confirm with . or Enter, or press ? or * to list all spells.
You conjure some foxfire!
The foxfire hits the two-headed ogre.
The two-headed ogre is heavily wounded.
Casting: Foxfire (safe; 1% risk of failure)
Confirm with . or Enter, or press ? or * to list all spells.
Flames lash the two-headed ogre.
The two-headed ogre is severely wounded.
The two-headed ogre's fire resistance burns away.
The foxfire hits the two-headed ogre.
The two-headed ogre is severely wounded.
Casting: Scorch (safe; 1% risk of failure)
Confirm with . or Enter, or press ? or * to list all spells.
You conjure some foxfire!
The two-headed ogre hits you with a +0 giant club!
* * * LOW HITPOINT WARNING * * *
The two-headed ogre hits you with a +0 giant spiked club!
* * * LOW HITPOINT WARNING * * *
Casting: Foxfire (safe; 1% risk of failure)
Confirm with . or Enter, or press ? or * to list all spells.
Flames lash the two-headed ogre.
The two-headed ogre is burned terribly!
The two-headed ogre is almost dead.
The foxfire hits the two-headed ogre but does no damage.
The two-headed ogre is almost dead.
The foxfire hits the two-headed ogre but does no damage.
The two-headed ogre is almost dead.
The two-headed ogre hits you with a +0 giant club!
You die...

.....#.......#
#......
###..##....###
#......
#.###....#
####### #.#
##.##########
# #.#
#.#........# #
###.#
#.'........#
### ....#
###........#
#.. #####
#.....§..#####
#.#
#......@O....#
#.#
#........###.#
#.# #........#
#.# #.#
########## #.#
#.# #. #.# #.#
#5 #.# #.# #.
#.# #.# #. #.#
#.. #O
##########.#
###


You could see a two-headed ogre (combustible).

Vanquished Creatures
  Grinder (D:3)
  An ice beast (D:7)
  A black bear (D:5)
  3 ogres
  A centaur (D:7)
  3 phantoms
  A kobold brigand (D:5)
  Blork the orc (D:6)
  2 necrophages
  3 bullfrogs (D:7)
  A howler monkey (D:6)
  6 hounds
  2 orc priests
  Crazy Yiuf (D:2)
  A jelly (D:6)
  Ijyb (D:5)
  Terence (D:2)
  5 iguanas
  2 orc wizards
  23 gnolls
  10 adders
  A white imp (D:7)
  2 ufetubi (D:6)
  3 dart slugs
  14 orcs
  8 ball pythons
  6 endoplasms
  3 goblins
  4 hobgoblins
  10 jackals
  7 quokkas
  9 bats
  6 frilled lizards
  9 kobolds
  5 rats
  12 bushes (D:5)
169 creatures vanquished.

Vanquished Creatures (collateral kills)
  3 foxfires (D:5)
3 creatures vanquished.

Vanquished Creatures (others)
  461 foxfires
  8 plants (D:5)
469 creatures vanquished.

Grand Total: 641 creatures vanquished

Notes
Turn   | Place    | Note
-------+----------+-------------------------------------------
     0 | D:1      | funkygono the Gargoyle Fire Elementalist began the quest
                  | for the Orb.
     0 | D:1      | Reached XP level 1. HP: 10/10 MP: 3/3
   165 | D:1      | Reached XP level 2. HP: 15/15 MP: 0/5
   272 | D:1      | Learned a level 2 spell: Scorch
   453 | D:1      | Reached XP level 3. HP: 19/19 MP: 3/6
   457 | D:1      | Learned a level 3 spell: Kindle Blastsparks
   981 | D:2      | Found a hide-covered altar of Uskayaw.
  1360 | D:2      | Noticed Terence
  1365 | D:2      | Reached XP level 4. HP: 24/24 MP: 3/8
  1370 | D:2      | Killed Terence
  1455 | D:2      | Got the Enchiridion on the Voyage and Geology
  1787 | D:2      | Found a runed translucent door.
  1788 | D:2      | Noticed Crazy Yiuf
  1918 | D:2      | Killed Crazy Yiuf
  1919 | D:2      | Reached skill level 4 in Fire Magic
  1919 | D:2      | Reached XP level 5. HP: 19/28 MP: 2/9
  2546 | D:3      | Noticed Grinder
  2550 | D:3      | Killed Grinder
  2551 | D:3      | Reached XP level 6. HP: 32/32 MP: 2/12
  2678 | D:3      | Learned a level 4 spell: Flame Wave
  3028 | D:3      | Reached skill level 5 in Fire Magic
  3209 | D:4      | Reached skill level 1 in Maces & Flails
  3222 | D:4      | Reached XP level 7. HP: 7/36 MP: 1/13
  3372 | D:4      | Found a staircase to the Ecumenical Temple.
  3382 | Temple   | Entered the Ecumenical Temple
  3862 | D:4      | Found the +7 staff of the Meek {protect, meekguard}
  4166 | D:4      | Learned a level 3 spell: Vhi's Electric Charge
  4173 | D:5      | Entered Level 5 of the Dungeon
  4201 | D:5      | Reached skill level 5 in Spellcasting
  4247 | D:4      | Reached skill level 6 in Fire Magic
  4357 | D:5      | Reached XP level 8. HP: 41/41 MP: 9/15
  4955 | D:5      | Noticed Ijyb
  4964 | D:5      | Killed Ijyb
  5328 | D:5      | Reached skill level 7 in Fire Magic
  5643 | D:5      | Learned a level 4 spell: Airstrike
  5862 | D:6      | Reached skill level 1 in Air Magic
  6006 | D:6      | Found a burning altar of Makhleb.
  6006 | D:6      | Found an ancient bone altar of Kikubaaqudgha.
  6019 | D:6      | Noticed Blork the orc
  6028 | D:6      | Killed Blork the orc
  6613 | D:6      | Reached XP level 9. HP: 30/45 MP: 14/18
  6902 | D:6      | Reached skill level 1 in Staves
  6928 | D:6      | Reached skill level 8 in Fire Magic
  7036 | D:6      | Found a shadowy altar of Dithmenos.
  7452 | D:7      | Found a bloodstained altar of Trog.
  7676 | D:7      | Reached skill level 5 in Conjurations
  8005 | D:7      | Noticed a two-headed ogre
  8035 | D:7      | Mangled by a two-headed ogre

Illustrated notes

Levels and vault maps discovered:
D:1:      giann_bridges, layout_basic
D:2:      layout_rooms, serial_glass, glass_columns_c, glass_columns_a,
          glass_columns_b, glass_columns_c, glass_columns_a, glass_columns_b,
          basic_altar, uniq_terence, uniq_crazy_yiuf_cottage
D:3:      layout_basic, uniq_grinder
D:4:      layout_basic, minmay_temple_entry_large_hall,
          kennysheep_generic_room_16
D:5:      wad_pebble_path, layout_loops_ring, lexackson_kobold_supper, uniq_ijyb
D:6:      layout_loops_ring, nicolae_overflow_hidden_temple,
          chequers_serial_rivers_large_b, dreamdust_princess_bridge,
          columned_hall_lemuel, uniq_blork_the_orc
D:7:      layout_basic, mainiacjoe_overflow_tiny_flanked
Temple:   hellmonk_temple_of_storms

Skill      XL: |  1  2  3  4  5  6  7  8  9 |
---------------+----------------------------+-----
Spellcasting   | 3 4 5 6 |  6.8
Conjurations   | 2 3 4 5 |  5.2
Fire Magic     | 4 5 6 7 8 |  8.5
Maces & Flails | 1 |  1.4
Stealth        | 3 |  3.0
Air Magic      | 1 |  1.8
Staves         | 1 |  1.0
Dodging        | |  1.8

Action                   |  1- 3 |  4- 6 |  7- 9 || total
-------------------------+-------+-------+-------++-------
Melee: Whip              |     9 |    13 |       ||    22
       Quarterstaff      |       |       |    16 ||    16
 Cast: Foxfire           |    49 |    58 |   167 ||   274
       Scorch            |     1 |    16 |    50 ||    67
       Kindle Blastspark |       |     1 |     2 ||     3
       Flame Wave        |       |       |     2 ||     2
  Use: Scroll            |       |     9 |     6 ||    15
Armor: Robe              |     5 |     6 |    13 ||    24
Dodge: Dodged            |    16 |    27 |    30 ||    73

Table legend: (Time is in decaauts)
 A = Elapsed time spent in this place.
 B = Non-inter-level travel time spent in this place.
 C = Inter-level travel time spent in this place.
 D = Time resting spent in this place.
 E = Time spent auto-exploring this place.
 F = Levels seen in this place.
 G = Mean time per level.
                   A        B        C        D        E       F      G
               +--------+--------+--------+--------+--------+-----+--------+
         Total |   8061 |   7911 |    150 |    466 |   6243 |   8 | 1007.6 |
       Dungeon |   8020 |   7877 |    143 |    466 |   6219 |   7 | 1145.7 |
        Temple |     40 |     33 |      7 |      0 |     24 |   1 |   40.0 |
               +--------+--------+--------+--------+--------+-----+--------+

Top non-repeatable levels by time:
     D:6: 1426 daAuts
     D:5: 1424 daAuts
     D:3: 1133 daAuts
     D:4: 1071 daAuts
     D:2: 1050 daAuts
     D:1: 980 daAuts
     D:7: 934 daAuts
  Temple: 40 daAuts
